 Dungeon Crawl Stone Soup version 0.28.0-47-ge53b351184 (webtiles) character file.

Game seed: 7936522843145349266

57832 pkoi the Destroyer (level 14, 0/113 HPs)
             Began as a Demigod Conjurer on May 7, 2022.
             Slain by a ghost moth (16 damage)
             ... on level 1 of the Spider Nest.
             The game lasted 01:00:56 (37980 turns).

pkoi the Destroyer (Demigod Conjurer)              Turns: 37980, Time: 01:00:56

Health: 0/113      AC: 10    Str:  7 (8)  XL:     14   Next: 13%
Magic:  1/36       EV:  7    Int: 36      God:
Gold:   999        SH:  0    Dex: 12      Spells: 7/25 levels left

rFire   + + .      SeeInvis .   a - staff of conjuration
rCold   . . .      Faith    .   (no shield)
rNeg    . . .      Spirit   .   S - +3 leather armour {rF+}
rPois   .          Reflect  +   f - +0 hat {Will+}
rElec   .          Harm     .   c - scarf {repulsion}
rCorr   .          Rampage  .   o - +0 pair of gloves
Will    ++...                   x - +0 pair of boots
Stlth   ++........              G - amulet of reflection
HPRegen 0.28/turn               k - ring of magical power
MPRegen 0.25/turn               O - ring of protection from fire

@: about to teleport, held, repel missiles
A: high MP 1, forlorn, divine attributes
a: no special abilities


You were on level 1 of the Spider Nest.
You visited 4 branches of the dungeon, and saw 19 of its levels.

You collected 1089 gold pieces.
You spent 90 gold pieces at shops.

Inventory:

Hand Weapons
 b - the +8 storm bow {elec, penet}
   (You took it off a gnoll sergeant on level 8 of the Dungeon)

   Any ammunition fired from it occasionally discharges a powerful burst of
   electricity upon striking a foe.
   Any ammunition fired by it passes through the targets it hits, potentially
   hitting all targets in its path until it reaches maximum range.
Missiles
 g - 39 poisoned darts
 A - 439 arrows
Armour
 c - a scarf of repulsion (worn)
 f - a +0 hat of willpower (worn)
 l - the +2 ring mail of Death Resistance {rPois rCorr}
   (You found it on level 11 of the Dungeon)

   rPois:     It protects you from poison.
   rCorr:     It protects you from acid and corrosion.
 o - a +0 pair of gloves (worn)
 x - a +0 pair of boots (worn)
 S - a +3 leather armour of fire resistance (worn)
Magical Staves
 a - a staff of conjuration (weapon)
Jewellery
 i - a ring of ice
 k - a ring of magical power (left hand)
 n - a ring of willpower
 y - a ring of magical power
 G - an amulet of reflection (around neck)
 M - a ring of positive energy
 O - a ring of protection from fire (right hand)
Wands
 m - a wand of mindburst (21)
 s - a wand of iceblast (11)
 u - a wand of acid (25)
 D - a wand of charming (14)
 L - a wand of digging (2)
Scrolls
 e - 6 scrolls of teleportation
 q - 3 scrolls of fog
 E - 3 scrolls of enchant armour
 I - 5 scrolls of amnesia
 J - 3 scrolls of magic mapping
 K - a scroll of enchant weapon
Potions
 d - a potion of berserk rage
 h - 2 potions of resistance
 p - 3 potions of ambrosia
 r - 3 potions of haste
 t - 2 potions of cancellation
 v - 3 potions of heal wounds
 w - a potion of might
 z - 9 potions of curing
 H - a potion of invisibility
 N - 2 potions of flight
 P - 2 potions of magic
 Q - a potion of brilliance


   Skills:
 + Level 7.0 Fighting
 + Level 6.4 Bows
 + Level 10.9 Armour
 + Level 7.4 Dodging
 - Level 1.7 Stealth
 - Level 6.0 Spellcasting
 + Level 11.8 Conjurations
 - Level 9.0 Hexes
 - Level 6.0 Translocations
 + Level 2.7 Fire Magic
 + Level 2.6 Air Magic
 + Level 3.5 Evocations


You had 7 spell levels left.
You knew the following spells:

 Your Spells              Type           Power      Damage    Failure   Level
a - Magic Dart            Conj           100%       1d8       1%          1
b - Searing Ray           Conj           100%       2d8       1%          2
c - Iskenderun's Mystic   Conj/Tloc      84%        2d17      1%          4
d - Fulminant Prism       Conj/Hex       45%        3d21      1%          4
e - Inner Flame           Hex/Fire       52%        N/A       1%          3
f - Airstrike             Air            14%        N/A       16%         4

Your spell library contained the following spells:

 Spells                   Type           Power      Damage    Failure   Level
 Foxfire                  Conj/Fire      100%       2x1d9     1%          1
 Conjure Flame            Conj/Fire      76%        6-21      1%          3
 Dazzling Flash           Conj/Hex       100%       N/A       1%          3
 Mephitic Cloud           Conj/Pois/Air  62%        N/A       1%          3
 Scorch                   Fire           60%        2d8       2%          2
 Flame Wave               Conj/Fire      76%        2d14      2%          4
 Sticky Flame             Conj/Fire      76%        2d9       2%          4
 Freeze                   Ice            40%        1d6       4%          1
 Hailstorm                Conj/Ice       68%        3d14      4%          4
 Call Imp                 Summ           10%        N/A       7%          2
 Sublimation of Blood     Necr           10%        N/A       7%          2
 Wereblood                Tmut           10%        N/A       7%          2
 Lightning Bolt           Conj/Air       38%        1d56      7%          5
 Ignite Poison            Fire/Tmut/Pois 17%        N/A       10%         3
 Silence                  Hex/Air        25%        N/A       12%         5
 Frozen Ramparts          Ice            20%        1d4       14%         3
 Summon Lightning Spire   Summ/Air       20%        N/A       28%         4
 Agony                    Necr           10%        N/A       78%         5
 Summon Cactus Giant      Summ           5%         N/A       100%        6
 Summon Hydra             Summ           5%         N/A       100%        7
 Borgnjor's Revivificati  Necr           5%         N/A       100%        8
 Necromutation            Tmut/Necr      5%         N/A       100%        8
 Death's Door             Necr           5%         N/A       100%        9


Dungeon Overview and Level Annotations

Branches:
Dungeon (11/15)            Temple (0/1) D:4            Lair (6/6) D:8
 Shoals (1/4) Lair:2       Spider (1/4) Lair:3        Slime (0/5) Lair:6
    Orc (0/2) D:10

Shops:
D:5 *

Portals:
Abyss: Lair:6

Annotations:
Shoals:1 Aizul


Innate Abilities, Weirdness & Mutations

You have an increased reservoir of magic. (+10% MP)
You shall have no god before yourself.
Your divine heritage dramatically boosts your attributes as you level up.


Message History

Something hits you but does no damage.
Something stings you but does no damage.
Unknown command.
Unknown command.
The jumping spider leaps! x2
The jumping spider pounces on you.
* * * LOW HITPOINT WARNING * * *
You are caught in a web!
The jumping spider barely misses you. The emperor scorpion stings you.
* * * LOW HITPOINT WARNING * * *
The emperor scorpion claws you.
* * * LOW HITPOINT WARNING * * *
The emperor scorpion claws you but does no damage.
There is a web, spattered with blood here.
As you read the scroll of teleportation, it crumbles to dust.
You feel strangely unstable. The jumping spider barely misses you.
The jumping spider bites you.
* * * LOW HITPOINT WARNING * * *
The emperor scorpion stings you!
* * * LOW HITPOINT WARNING * * *
The emperor scorpion claws you but does no damage. x2
The jumping spider leaps!
You struggle to detach yourself from the web.
You feel you are being watched by something.
You feel your power leaking away.
The emperor scorpion stings you but does no damage.
The emperor scorpion claws you.
* * * LOW HITPOINT WARNING * * *
The emperor scorpion claws you.
* * * LOW HITPOINT WARNING * * *
Something hits you.
* * * LOW HITPOINT WARNING * * *
Something hits you but does no damage.
Something stings you but does no damage.
You feel much better.
The jumping spider leaps!
The emperor scorpion stings you!
* * * LOW HITPOINT WARNING * * *
The emperor scorpion claws you but does no damage. x2
Something hits you!
You die...

##...#..... ######
#......... .....###
###..#......
.......##
##..###......
........# ##○.##
....... ........##
###.### .......
.........# ##..##
#.......
.........### ##°.##
#.......
...........##
##@.## #.......
............###s.##
#####.......°...##
#####.##...##
#####.## #..# s
#.## . #. .. #.


You could see an emperor scorpion.

Vanquished Creatures
  Gastronok (Lair:1)
  A fire dragon (shapeshifter) (Lair:6)
  4 hydras
  2 boulder beetles
  2 two-headed ogres
  8 death yaks
  2 thrashing horrors (Lair:6)
  A wolf spider (D:11)
  3 harpies (Shoals:1)
  3 ugly things
  A cyclops (D:11)
  A moth of wrath (Spider:1)
  A water nymph (Shoals:1)
  Maurice (D:9)
  3 black mambas
  2 smoke demons (Lair:6)
  11 elephants
  7 cane toads
  3 centaur zombies
  A torpor snail (Lair:4)
  Maggie (Lair:1)
  An unseen horror (D:7)
  8 komodo dragons
  A demonic crawler (Spider:1)
  4 rime drakes
  5 ancient zymes (Lair:6)
  6 polar bears
  6 dream sheep (Lair:6)
  A large abomination (Lair:6)
  5 slime creatures (D:11)
  25 blink frogs
  A shadow (D:10)
  A spriggan (Lair:6)
  4 wyverns
  A ynoxinul (Lair:6)
  51 yaks
  2 chaos spawn (Lair:6)
  6 basilisks (Lair:6)
  3 vampire mosquitoes
  8 small abominations (Lair:6)
  A swamp worm (D:8)
  Menkaure (D:4)
  3 wargs (D:8)
  15 water moccasins
  2 orc warriors
  An ice beast (D:6)
  2 black bears
  An ogre (D:5)
  9 centaurs
  22 wolves
  3 phantoms
  4 kobold brigands
  17 bullfrogs
  A gnoll sergeant (D:8)
  4 scorpions
  A wyvern skeleton (D:7)
  2 water moccasin skeletons (D:5)
  16 killer bees
  A troll zombie (D:10)
  A howler monkey (D:10)
  4 electric eels
  A jelly (D:3)
  6 orc priests
  A centaur skeleton (D:6)
  4 hounds
  A bullfrog skeleton (D:5)
  12 orc wizards
  2 hell rats (Lair:5)
  7 ogre zombies (D:10)
  A hound skeleton (D:4)
  3 howler monkey zombies
  Robin (D:2)
  5 gnolls (D:8)
  4 adders
  9 river rats (Lair:5)
  A shadow imp (D:7)
  An adder skeleton (D:4)
  3 worms
  A dart slug (D:1)
  33 orcs
  6 ball pythons
  9 endoplasms
  4 giant cockroaches
  15 goblins
  13 hobgoblins
  15 jackals
  29 kobolds
  3 quokkas
  7 bats
  2 frilled lizards
  3 goblin zombies (D:10)
  A hobgoblin skeleton (D:10)
  4 hobgoblin zombies (D:10)
  An orc skeleton (D:10)
  15 orc zombies (D:10)
  10 rats
542 creatures vanquished.

Vanquished Creatures (others)
  A harpy (Shoals:1)
  7 bushes
  183 fulminant prisms
  45 fungi
  212 plants
448 creatures vanquished.

Grand Total: 990 creatures vanquished

Notes
Turn   | Place    | Note
-------+----------+-------------------------------------------
     0 | D:1      | pkoi the Demigod Conjurer began the quest for the Orb.
     0 | D:1      | Reached XP level 1. HP: 14/14 MP: 5/5
   473 | D:1      | Reached skill level 4 in Conjurations
   517 | D:1      | Reached XP level 2. HP: 20/20 MP: 4/7
  1170 | D:2      | Noticed Robin
  1683 | D:1      | Reached XP level 3. HP: 10/26 MP: 8/8
  2742 | D:2      | Killed Robin
  3134 | D:2      | Reached skill level 5 in Conjurations
  3301 | D:2      | Identified the +3 ring mail "Otahakk" {Regen+}
  3316 | D:2      | Learned a level 2 spell: Searing Ray
  3555 | D:3      | Noticed a cacodemon
  3632 | D:3      | Reached XP level 4. HP: 33/33 MP: 1/9
  4226 | D:3      | You fall into a shaft and drop 1 floor!
  4266 | D:4      | Reached skill level 1 in Armour
  4420 | D:4      | Reached skill level 1 in Evocations
  4814 | D:3      | Reached XP level 5. HP: 38/38 MP: 1/10
  5025 | D:3      | Learned a level 4 spell: Iskenderun's Mystic Blast
  5180 | D:3      | Identified a scroll of acquirement
  5180 | D:3      | Acquired a ring of magical power
  5736 | D:3      | Noticed a water moccasin
  5745 | D:3      | Killed a water moccasin
  5746 | D:3      | Reached XP level 6. HP: 33/45 MP: 9/11
  5947 | D:3      | Noticed a hellwing
  5947 | D:3      | Noticed an orange demon
  6508 | D:4      | Reached skill level 6 in Conjurations
  6858 | D:4      | Reached XP level 7. HP: 50/50 MP: 13/13
  6982 | D:4      | Found a staircase to the Ecumenical Temple.
  7128 | D:4      | Found a transporter.
  7147 | D:4      | Noticed Menkaure
  7156 | D:4      | Found a transporter.
  7339 | D:5      | Entered Level 5 of the Dungeon
  7588 | D:5      | Reached skill level 1 in Fighting
  7588 | D:5      | Reached skill level 1 in Translocations
  7991 | D:5      | Found Donojovefunt's Lightly-Used Armoury.
  8144 | D:5      | Reached skill level 1 in Hexes
  8508 | D:5      | Reached XP level 8. HP: 59/59 MP: 14/14
  9140 | D:6      | Learned a level 4 spell: Fulminant Prism
 10360 | D:7      | Reached skill level 5 in Armour
 10786 | D:7      | Reached skill level 7 in Conjurations
 11032 | D:7      | Killed an unseen horror
 11033 | D:7      | Reached XP level 9. HP: 43/64 MP: 10/16
 12423 | D:8      | Found a staircase to the Lair.
 12516 | D:8      | Reached skill level 5 in Translocations
 13429 | D:8      | Reached skill level 5 in Hexes
 14428 | D:9      | Noticed a two-headed ogre
 14438 | D:9      | Killed a two-headed ogre
 14439 | D:9      | Reached skill level 1 in Bows
 14439 | D:9      | Reached skill level 8 in Conjurations
 14546 | D:9      | Reached XP level 10. HP: 71/71 MP: 17/17
 14713 | D:9      | Found Zin's Purification Station.
 14820 | D:9      | Bought a potion of curing for 90 gold pieces
 15340 | D:9      | Noticed Maurice
 15350 | D:9      | Killed Maurice
 15474 | D:9      | Noticed a moth of wrath
 15939 | D:10     | Entered Level 10 of the Dungeon
 15996 | D:10     | Noticed a two-headed ogre
 16002 | D:10     | Killed a two-headed ogre
 16575 | D:10     | Found a staircase to the Orcish Mines.
 17301 | Lair:1   | Entered Level 1 of the Lair of Beasts
 17457 | Lair:1   | Noticed Maggie
 17463 | Lair:1   | Noticed a black mamba
 17471 | Lair:1   | Killed Maggie
 17471 | Lair:1   | Killed a black mamba
 17472 | Lair:1   | Reached skill level 9 in Conjurations
 17973 | Lair:1   | Reached XP level 11. HP: 77/77 MP: 21/21
 18610 | Lair:1   | Noticed Gastronok
 18631 | Lair:1   | Killed Gastronok
 18843 | Lair:1   | Reached skill level 5 in Spellcasting
 20832 | Lair:2   | Noticed a six-headed hydra
 20843 | Lair:2   | Killed a six-headed hydra
 20844 | Lair:2   | Reached skill level 10 in Conjurations
 21401 | Lair:2   | Found a staircase to the Shoals.
 22747 | Lair:3   | Noticed a death yak
 22748 | Lair:3   | Noticed a death yak
 22759 | Lair:3   | Killed a death yak
 22760 | Lair:3   | Reached XP level 12. HP: 89/89 MP: 24/24
 24007 | Lair:3   | Found a hole to the Spider Nest.
 24453 | Lair:4   | Noticed a five-headed hydra
 24462 | Lair:4   | Killed a five-headed hydra
 24906 | Lair:4   | Reached skill level 5 in Dodging
 26769 | Lair:5   | Noticed a five-headed hydra
 27069 | Lair:5   | Reached skill level 5 in Fighting
 27298 | Lair:5   | Reached skill level 10 in Armour
 27298 | Lair:5   | Reached XP level 13. HP: 91/100 MP: 18/26
 27472 | Lair:5   | Reached skill level 11 in Conjurations
 28578 | Lair:6   | Entered Level 6 of the Lair of Beasts
 28868 | Lair:6   | Reached skill level 5 in Bows
 31416 | Lair:6   | Learned a level 3 spell: Inner Flame
 31421 | Lair:6   | Learned a level 4 spell: Airstrike
 32372 | Lair:6   | Reached skill level 1 in Air Magic
 32475 | Lair:6   | Reached skill level 1 in Fire Magic
 33799 | Lair:6   | Found a staircase to the Slime Pits.
 34036 | Lair:6   | Found a one-way gate to the infinite horrors of the Abyss.
 34648 | D:4      | Killed Menkaure
 35000 | D:11     | Identified the +2 ring mail of Death Resistance {rPois
                  | rCorr}
 35479 | D:11     | Reached XP level 14. HP: 82/111 MP: 5/27
 37245 | Shoals:1 | Entered Level 1 of the Shoals
 37484 | Shoals:1 | Noticed Aizul
 37864 | Spider:1 | Entered Level 1 of the Spider Nest
 37954 | Spider:1 | Noticed an emperor scorpion
 37979 | Spider:1 | HP: 2/113 [something (5)]
 37980 | Spider:1 | Slain by a ghost moth

Illustrated notes

Levels and vault maps discovered:
D:1:      lemuel_arrival_behind_the_door_large, layout_basic
D:2:      layout_rooms, uniq_robin
D:3:      layout_basic, kennysheep_okawaru_gauntlet, makhleb_altar_promises_db,
          chequers_serial_rivers_room_a, supply_closet_lemuel,
          nicolae_concentric_dashed_squares_wild, st_stairs_3
D:4:      layout_loops_ring, gammafunk_temple_of_torment,
          eat_drink_and_be_merry_uskayaw, amethyst_overflow_temple_binary,
          minmay_temple_entry_fiery
D:5:      layout_gridville, kennysheep_nub, minivault_23, minmay_shop_damaged
D:6:      layout_loops_corners
D:7:      layout_cave_pools, lemuel_coloured_pillars_altar
D:8:      layout_loops_corners, nicolae_vehumet_altar_sigil,
          nicolae_overflow_hidden_temple, erik_lair_orcish_takeover,
          serial_bayou_pond_e, minmay_misc_feat_rugged, st_stairs_4,
          minmay_hedge_maze, worms_lemuel
D:9:      kennysheep_kobold_camp, layout_irregular_city, tgw_trog,
          kennysheep_mini_moat, zin_purify, uniq_maurice
D:10:     layout_roguey, zombieorc2_lemuel
D:11:     layout_cave_pools, minmay_microvault
Lair:1:   layout_cave_pods, nicolae_lair_grazing_beasts
          [nicolae_sub_lair_graze_edge, nicolae_sub_lair_graze_edge,
          nicolae_sub_lair_graze_edge, nicolae_sub_lair_graze_edge],
          grunt_megastairs_1, infiniplex_staircase_pool, uniq_gastronok,
          uniq_maggie
Lair:2:   layout_regular_city, minmay_shoals_entry_centaurs
Lair:3:   layout_regular_city, spider_nest_entry_web_field
Lair:4:   layout_roguey, serial_bayou, serial_bayou_pond_d,
          serial_bayou_lagoon_b, serial_bayou_pond_a, serial_bayou_pond_d,
          serial_bayou_pond_c
Lair:5:   layout_cave_pods, kennysheep_rathole, lemuel_fruit_tree,
          serial_bayou_shore_b, grunt_megastairs_4
Lair:6:   hellmonk_lair_end_abyssal_woods, layout_cave_pods,
          dpeg_slime_entry_corner, minivault_27
Shoals:1: layout_shoals, serial_shops,
          nicolae_shop_temple_entry_statues_fountains,
          nicolae_shoals_wave_tunnel, uniq_aizul
Spider:1: layout_cave_pods

Skill      XL: |  1  2  3  4  5  6  7  8  9 10 11 12 13 14 |
---------------+-------------------------------------------+-----
Spellcasting   | 2 3 4 5 6 |  6.0
Conjurations   | 4 5 6 7 8 9 10 11 | 11.8
Armour         | 1 2 3 4 5 6 7 9 10 | 10.9
Evocations     | 1 2 3 |  3.5
Dodging        | 2 4 5 7 |  7.4
Fighting       | 1 3 5 6 7 |  7.0
Translocations | 2 4 5 6 |  6.0
Hexes          | 2 3 5 7 8 9 |  9.0
Bows           | 1 4 6 |  6.4
Air Magic      | 2 |  2.6
Fire Magic     | 2 |  2.7
Stealth        | |  1.7

Action                   |  1- 3 |  4- 6 |  7- 9 | 10-12 | 13-15 || total
-------------------------+-------+-------+-------+-------+-------++-------
Melee: Club              |    15 |       |       |       |       ||    15
       Dagger            |     9 |    22 |     6 |       |       ||    37
       Punch             |       |     1 |       |       |       ||     1
       Short sword       |       |       |       |    25 |    14 ||    39
       Staff             |       |       |       |       |     2 ||     2
 Fire: Hunting sling     |     6 |       |       |       |       ||     6
       Longbow           |       |       |       |       |     5 ||     5
 Cast: Magic Dart        |   112 |   129 |   165 |   236 |   169 ||   811
       Searing Ray       |       |    10 |    56 |    11 |       ||    77
       Fulminant Prism   |       |       |     5 |   112 |    66 ||   183
       Iskenderun's Myst |       |       |     2 |   166 |   139 ||   307
       Inner Flame       |       |       |       |       |    39 ||    39
  Use: Scroll            |       |     7 |     4 |    11 |     3 ||    25
       Potion            |       |       |       |     3 |     1 ||     4
Armor: Robe              |    17 |       |       |       |       ||    17
       Ring mail         |     4 |    29 |   142 |    85 |    27 ||   287
       Leather armour    |       |       |       |       |    23 ||    23
Dodge: Dodged            |    47 |    40 |    94 |    93 |    61 ||   335
       Repelled          |       |       |       |       |     1 ||     1
Block: Other             |       |       |       |    20 |    19 ||    39
       Reflection        |       |       |       |       |     1 ||     1
